 Dungeon Sprint DCSS version 0.20.1-1-g8b1a95d (webtiles) character file.

1934 arttle the Peltast (level 8, -25/76 HPs)
             Began as a Minotaur Fighter on Oct 27, 2017.
             Was the Champion of Jiyva.
             Annihilated by a lorocyproca (36 damage)
             ... in the Dungeon (Sprint I: "Red Sonja").
             The game lasted 00:17:19 (1506 turns).

arttle the Peltast (Minotaur Fighter)               Turns: 1506, Time: 00:17:20

Health: -25/76     AC:  4    Str: 22    XL:     8   Next: 97%
Magic:  0/7        EV: 10    Int:  6    God:    Jiyva [******]
Gold:   313        SH: 15    Dex: 12    Spells: 7/7 levels left

rFire    + . .     SeeInvis .   a - +0 flail
rCold    . . .     Gourm    .   c - +0 shield
rNeg     . . .     Faith    .   l - +0 scale mail (curse)
rPois    .         Spirit   .   (helmet restricted)
rElec    .         Reflect  .   (no cloak)
rCorr    +         Harm     .   (no gloves)
MR       .....     NoTele   +   (no boots)
Stlth    ..........             (no amulet)
Regen    0.3/turn               (no ring)
MPRegen  0.1/turn               (no ring)

@: no status effects
A: retaliatory headbutt, horns 2, fire resistance 1, robust 2, strong 1,
eyeballs 2, gelatinous body 1, pseudopods 2, jelly absorbing missiles
a: Request Jelly, Slimify, Cure Bad Mutation, Renounce Religion


You were in the Dungeon.
You worshipped Jiyva.
Jiyva was exalted by your worship.
You were completely stuffed.

You visited 1 branch You collected 313 gold pieces.

Inventory:

Hand Weapons
 a - a +0 flail (weapon)
 m - a +0 giant club
Armour
 b - a +0 scale mail
 c - a +0 shield (worn)
 l - a cursed +0 scale mail (worn)
Scrolls
 k - a scroll of blinking
Potions
 d - a potion of might
 e - 2 potions of curing
 g - a potion of heal wounds
 h - a potion of haste
 i - 2 potions of magic
 j - a potion of berserk rage
 n - a potion of mutation {unknown}
Comestibles
 f - a bread ration


   Skills:
 - Level 3.6 Fighting
 + Level 11.7 Maces & Flails
 - Level 3.6 Armour
 - Level 19.4 Shields


You had 7 spell levels left.
You didn't know any spells.

Dungeon Overview and Level Annotations

Branches:
Dungeon (1/1)

Altars:
Cheibriados
Dithmenos
Elyvilon
Fedhas
Gozag
Hepliaklqana
Kikubaaqudgha
Makhleb
Okawaru
Qazlal
Ru
Sif Muna
Trog
Uskayaw
Vehumet
Xom
Yredelemnul
Zin
The Shining One
Jiyva
Lugonu

Shops:
D (((*[:[[[}(*!=*[


Innate Abilities, Weirdness & Mutations

You reflexively headbutt those who attack you in melee.
You have a pair of horns on your head.
Your flesh is heat resistant. (rF+)
You are very robust. (+20% HP)
Your muscles are strong. (Str +2)
Your body has grown many golden eyes which may confuse attackers. (Acc +5)
Your rubbery body absorbs attacks. (AC +1, EV +1)
Armour fits poorly on your large pseudopods.
You have a small jelly attached to you that may absorb incoming projectiles.


Message History

Okay, then.
Really walk into that cloud of freezing vapour?
You are engulfed in freezing vapours.
* * * LOW HITPOINT WARNING * * *
Something hits the jelly.
The jelly barely misses something.
Found 60 gold pieces.
The jelly is engulfed in freezing vapours.
You hear a slurping noise.
You feel a little less hungry.
You feel your power returning.
You feel better.
Something hits the jelly!!
The jelly dies!
Found 27 gold pieces and a potion of haste.
The jelly is engulfed in freezing vapours. x2
The jelly dies!
Something hits you.
* * * LOW HITPOINT WARNING * * *
You feel your power leaking away.
Deactivating autopickup; reactivate with Ctrl-A.
You start resting.
Something hits you!!!
You die...

#§#####J###...#.....#
§§§. #..J#§.§###'§##
#J### ###.#.§###..##
.... #.#..####J.###
#########§##'#..#..#$###
...§...##§##.#......$$$#
.........§####......$$$#
...######§#!$'$.....####
........#§#####.@.###
.......#..# #####
......≈#### ...§§≈§#
...≈≈≈## ≈≈≈≈###
####.### #####∩∩#
∩∩∩∩∩∩##


You could see a neutral jelly (fellow slime).

Vanquished Creatures
  A centaur warrior (D)
  An unseen horror (D)
  An oklob plant (D)
  A demonic crawler (D)
  Sigmund (D)
  A yak (D)
  4 hogs (D)
  An ogre (D)
  A jelly (D)
  Ijyb (D)
13 creatures vanquished.

Vanquished Creatures (collateral kills)
  A gargoyle (D)
1 creature vanquished.

Vanquished Creatures (others)
  A centaur warrior (D)
  Sonja (D)
  An unseen horror (D)
  A slime creature (D)
  A deep troll (D)
  A lindwurm (D)
  5 shining eyes (D)
  2 kobold demonologists (D)
  3 demonic crawlers (D)
  A hornet (D)
  2 redbacks (D)
  6 hogs (D)
  4 floating eyes (D)
  7 necrophages (D)
  88 jellies (D)
  A ballistomycete (D)
  2 ballistomycete spores (D)
127 creatures vanquished.

Grand Total: 141 creatures vanquished

Notes
Turn   | Place    | Note
-------+----------+-------------------------------------------
     0 | D        | arttle the Minotaur Fighter began the quest for the Orb.
     0 | D        | Reached XP level 1. HP: 19/19 MP: 0/0
     1 | D        | Noticed Ijyb
     8 | D        | Killed Ijyb
     8 | D        | Reached skill level 7 in Shields
     8 | D        | Reached XP level 2. HP: 22/26 MP: 1/1
    22 | D        | Noticed an ogre
    30 | D        | Killed an ogre
    30 | D        | Reached skill level 11 in Shields
    30 | D        | Reached XP level 3. HP: 23/31 MP: 2/2
    30 | D        | Reached XP level 4. HP: 29/39 MP: 3/3
   113 | D        | Noticed Sigmund
   135 | D        | Killed Sigmund
   135 | D        | Reached skill level 14 in Shields
   135 | D        | Reached XP level 5. HP: 35/45 MP: 4/4
   135 | D        | Reached XP level 6. HP: 40/51 MP: 5/5
   211 | D        | Found a deep blue altar of Sif Muna.
   213 | D        | Found a radiant altar of Vehumet.
   220 | D        | HP: 1/51 [acid (4)]
   221 | D        | Reached skill level 15 in Shields
   544 | D        | Found a viscous altar of Jiyva.
   544 | D        | Found a corrupted altar of Lugonu.
   544 | D        | Noticed a slime creature
   545 | D        | Found a burning altar of Makhleb.
   545 | D        | Found a shimmering altar of Xom.
   547 | D        | Became a worshipper of Jiyva Jynupere the Shapeless
   557 | D        | Found Fydoen's Antique Weapon Emporium.
   557 | D        | Found an ancient bone altar of Kikubaaqudgha.
   557 | D        | Found a hazy altar of Hepliaklqana.
   557 | D        | Found a stormy altar of Qazlal.
   557 | D        | Found a hide-covered altar of Uskayaw.
   557 | D        | Found a blossoming altar of Fedhas.
   557 | D        | Found a bloodstained altar of Trog.
   557 | D        | Found an iron altar of Okawaru.
   557 | D        | Found a basalt altar of Yredelemnul.
   557 | D        | Found a glowing golden altar of the Shining One.
   557 | D        | Found a snail-covered altar of Cheibriados.
   557 | D        | Found a sacrificial altar of Ru.
   557 | D        | Found a glowing silver altar of Zin.
   557 | D        | Found a shadowy altar of Dithmenos.
   557 | D        | Found a white marble altar of Elyvilon.
   557 | D        | Noticed a yak
   557 | D        | Reached * piety under Jiyva
   574 | D        | Noticed a kobold demonologist
   576 | D        | Killed a yak
   576 | D        | Reached skill level 16 in Shields
   576 | D        | Killed a kobold demonologist
   578 | D        | Noticed a sun demon
   582 | D        | Found an opulent altar of Gozag.
   589 | D        | Killed a kobold demonologist
   590 | D        | Killed a floating eye
   605 | D        | Reached ** piety under Jiyva
   605 | D        | Reached *** piety under Jiyva
   628 | D        | Gained mutation: Your flesh is heat resistant. (rF+) [Jiyva's grace]
   687 | D        | Noticed Sonja
   698 | D        | Reached **** piety under Jiyva
   698 | D        | Gained mutation: You are robust. (+10% HP) [Jiyva's grace]
   704 | D        | Killed Sonja
   705 | D        | Gained mutation: You have very sharp teeth. [Jiyva's grace]
   705 | D        | Lost mutation: You are robust. (+10% HP) [Jiyva's grace]
   705 | D        | Reached ***** piety under Jiyva
   705 | D        | Gained mutation: Your rubbery body absorbs attacks. (AC +1, EV +1) [Jiyva's grace]
   718 | D        | Killed a deep troll
   723 | D        | Noticed a centaur warrior
   725 | D        | Noticed a centaur warrior
   730 | D        | Gained mutation: You can translocate small distances at will. [Jiyva's grace]
   733 | D        | Reached ****** piety under Jiyva
   734 | D        | Killed a centaur warrior
   734 | D        | Reached skill level 18 in Shields
   734 | D        | Reached XP level 7. HP: 43/57 MP: 6/6
   747 | D        | Killed a centaur warrior
   747 | D        | Reached skill level 19 in Shields
   747 | D        | Reached XP level 8. HP: 7/64 MP: 7/7
   750 | D        | Lost mutation: You have very sharp teeth. [Jiyva's grace]
   760 | D        | Noticed a hornet
   762 | D        | Gained mutation: Scrolls take you a little longer to read. [Jiyva's grace]
   763 | D        | Killed a hornet
   774 | D        | Lost mutation: You can translocate small distances at will. [Jiyva's grace]
   784 | D        | Found Itaugo Xag's Weapon Boutique.
   787 | D        | Noticed a shining eye
   787 | D        | Noticed a shining eye
   787 | D        | Noticed a shining eye
   788 | D        | Lost mutation: Scrolls take you a little longer to read. [Jiyva's grace]
   794 | D        | Lost mutation: Your flesh is heat resistant. (rF+) [Jiyva's grace]
   808 | D        | Killed a shining eye
   812 | D        | Noticed an oklob plant
   817 | D        | Killed a shining eye
   822 | D        | Killed a slime creature
   835 | D        | Gained mutation: You have large cloven feet. [Jiyva's grace]
   837 | D        | Gained mutation: Your translucent skin slightly reduces your foes' accuracy. (Stealth) [Jiyva's grace]
   846 | D        | Gained mutation: You are agile. (Dex +2) [Jiyva's grace]
   847 | D        | Killed a shining eye
   847 | D        | Lost mutation: You are agile. (Dex +2) [Jiyva's grace]
   849 | D        | Killed a shining eye
   853 | D        | Gained mutation: You possess an exceptional clarity of mind. [Jiyva's grace]
   856 | D        | Killed a demonic crawler
   894 | D        | Killed an oklob plant
   929 | D        | Noticed a demonic crawler
   949 | D        | Killed a demonic crawler
   971 | D        | Killed a shining eye
   988 | D        | Gained mutation: Your body has grown golden eyes which may confuse attackers. (Acc +3) [Jiyva's grace]
   999 | D        | Lost mutation: You have large cloven feet. [Jiyva's grace]
  1005 | D        | Gained mutation: You can translocate small distances at will. [Jiyva's grace]
  1013 | D        | Lost mutation: Your translucent skin slightly reduces your foes' accuracy. (Stealth) [Jiyva's grace]
  1040 | D        | Killed an unseen horror
  1047 | D        | Killed an unseen horror
  1128 | D        | Noticed a demonic crawler
  1142 | D        | Killed a demonic crawler
  1198 | D        | Found Qaywa's General Store.
  1199 | D        | Found Xuicaput's Jewellery Boutique.
  1199 | D        | Found Wesiet's Antique Weapon Shop.
  1199 | D        | Found Xukhlats's Assorted Antiques.
  1200 | D        | Found Nics's Antique Armour Emporium.
  1201 | D        | Found Melenot's Antique Armour Boutique.
  1207 | D        | Found Gatit's Book Emporium.
  1207 | D        | Found Iclil's Antique Armour Shop.
  1207 | D        | Found Umazing's Armour Shoppe.
  1207 | D        | Found Kamaguy's Armour Boutique.
  1207 | D        | Found Tadit's Gadget Emporium.
  1207 | D        | Found Oddiugur's Antique Weapon Shop.
  1207 | D        | Found Setz's Assorted Antiques.
  1208 | D        | Found Xigyt's Distillery.
  1264 | D        | Noticed a lindwurm
  1280 | D        | Noticed a demonic crawler
  1291 | D        | Killed a demonic crawler
  1293 | D        | Gained mutation: You have a small jelly attached to you that senses nearby items. [Jiyva's grace]
  1309 | D        | Killed a lindwurm
  1310 | D        | Lost mutation: You can translocate small distances at will. [Jiyva's grace]
  1310 | D        | Lost mutation: You possess an exceptional clarity of mind. [Jiyva's grace]
  1315 | D        | Noticed a gargoyle
  1322 | D        | Gained mutation: Your muscles are strong. (Str +2) [Jiyva's grace]
  1333 | D        | Gained mutation: Your body has grown many golden eyes which may confuse attackers. (Acc +5) [Jiyva's grace]
  1346 | D        | Gained mutation: Armour fits poorly on your pseudopods. [Jiyva's grace]
  1348 | D        | Killed a gargoyle
  1348 | D        | Reached skill level 10 in Maces & Flails
  1352 | D        | Gained mutation: You have a pair of large horns on your head. [Jiyva's grace]
  1354 | D        | Gained mutation: Armour fits poorly on your large pseudopods. [Jiyva's grace]
  1359 | D        | Lost mutation: You have a pair of large horns on your head. [Jiyva's grace]
  1365 | D        | Gained mutation: You are robust. (+10% HP) [Jiyva's grace]
  1382 | D        | Gained mutation: You have a small jelly attached to you that may absorb incoming projectiles. [Jiyva's grace]
  1408 | D        | Gained mutation: Your flesh is heat resistant. (rF+) [Jiyva's grace]
  1419 | D        | Gained mutation: You are very robust. (+20% HP) [Jiyva's grace]
  1489 | D        | Noticed a meliai
  1492 | D        | Lost mutation: You have a small jelly attached to you that senses nearby items. [Jiyva's grace]
  1506 | D        | Annihilated by a lorocyproca

Skill      XL: |  1  2  3  4  5  6  7  8 |
---------------+-------------------------+-----
Shields        | 7 11 14 18 19 | 19.4
Maces & Flails | 11 | 11.7
Fighting       | |  3.6
Armour         | |  3.6

Action                   |  1- 3 |  4- 6 |  7- 9 || total
-------------------------+-------+-------+-------++-------
Melee: Flail             |    13 |    39 |    46 ||    98
       Headbutt          |     5 |     9 |    14 ||    28
       Bite              |       |       |     2 ||     2
       Kick              |       |       |     7 ||     7
       Pseudopods        |       |       |     2 ||     2
Invok: Request Jelly     |       |    15 |   105 ||   120
       Slimify           |       |       |     1 ||     1
Armor: Scale mail        |     1 |     9 |    13 ||    23
Dodge: Dodged            |     5 |     8 |     5 ||    18
Block: Shield            |     4 |    23 |    33 ||    60
